[Event "FIDE WYCC Girls U18 2023"]
[Site "Montesilvano"]
[Date "2023.11.18"]
[Round "6.10"]
[White "Barwinska, Ewa"]
[Black "Cornileau, Juliette"]
[Result "1-0"]
[ECO "B31"]
[WhiteElo "1974"]
[BlackElo "2089"]
[Annotator "NA"]
[PlyCount "101"]
[EventDate "2023.11.13"]
[EventType "swiss"]
[EventCountry "ITA"]
[SourceTitle "playchess.com"]
[Source "ChessBase"]
[SourceQuality "1"]
[TimeControl "40/5400+30:1800+30"]

1. e4 c5 2. Nf3 Nc6 3. Bb5 g6 4. Bxc6 dxc6 5. d3 Bg7 6. h3 e5 7. Be3 Qe7 8. Nc3 Nf6 9. Qd2 Nd7 10. Bh6 f6 11. Nh2 Nf8 12. Bxg7 Qxg7 13. f4 Ne6 14. Ne2 exf4 15. Nxf4 Qc7 16. O-O O-O 17. Nxe6 Bxe6 18. Qc3 Qe7 19. Rf2 b5 20. b3 c4 21. bxc4 Qc5 22. Raf1 bxc4 23. d4 Qe7 24. Nf3 f5 25. Re1 fxe4 26. Rxe4 Qf6 27. Ree2 Bd5 28. Ne5 Qg5 29. Nxc4 Rab8 30. Ne3 Bf3 31. Re1 Be4 32. Ref1 Rxf2 33. Rxf2 Qg3 34. Qc4+ Kh8 35. Nf1 Qg5 36. Qe2 Bd5 37. c4 Bg8 38. h4 Qa5 39. Qe7 h6 40. Qd6 Qd8 41. Qe5+ Kh7 42. h5 Bxc4 43. hxg6+ Kxg6 44. Rf3 Rb7 45. Ne3 Bd3 46. Rh3 Qf8 47. Ng4 Qf1+ 48. Kh2 Rh7 49. Rg3 Qe2 50. Qf6+ Kh5 51. Rh3+ 1-0

[Event "FIDE WYCC Girls U18 2023"]
[Site "Montesilvano"]
[Date "2023.11.18"]
[Round "6.11"]
[White "Naymanova, Patricie"]
[Black "Wan, Qian"]
[Result "1/2-1/2"]
[ECO "D30"]
[WhiteElo "2083"]
[BlackElo "1945"]
[Annotator "NA"]
[PlyCount "109"]
[EventDate "2023.11.13"]
[EventType "swiss"]
[EventCountry "ITA"]
[SourceTitle "playchess.com"]
[Source "ChessBase"]
[SourceQuality "1"]
[TimeControl "40/5400+30:1800+30"]

1. d4 d5 2. c4 e6 3. Nf3 Nf6 4. g3 Bb4+ 5. Bd2 Be7 6. Bg2 O-O 7. O-O dxc4 8. Qc2 a6 9. a4 c5 10. dxc5 Bxc5 11. Qxc4 Qe7 12. Nc3 Nbd7 13. Rfd1 h6 14. Ne1 Nb6 15. Qh4 e5 16. Nd3 Bd6 17. a5 Nbd7 18. b4 Re8 19. Ne4 Nxe4 20. Qxe7 Rxe7 21. Bxe4 Nf6 22. Bg2 Bg4 23. f3 Bd7 24. Nc5 Bc6 25. e4 Nd7 26. Be3 Bc7 27. Rac1 Nxc5 28. Rxc5 Ree8 29. Bf1 Bd8 30. Rb1 Bf6 31. Kf2 Red8 32. Be2 Be7 33. Rxe5 Bd6 34. Rh5 Bf8 35. g4 Rac8 36. g5 g6 37. Rh4 h5 38. e5 Rd5 39. Re4 Re8 40. Bf4 Rd7 41. Rc4 Bb5 42. Rc2 Rd4 43. Bxb5 axb5 44. Ke3 Rxb4 45. Rxb4 Bxb4 46. Rb2 Bxa5 47. Rxb5 b6 48. Ke4 Rc8 49. Be3 Rc4+ 50. Kd3 Rc3+ 51. Kd4 Rc2 52. Bf4 Rf2 53. Rb3 Rc2 54. Kd5 Bd2 55. Bxd2 1/2-1/2

[Event "FIDE WYCC Girls U18 2023"]
[Site "Montesilvano"]
[Date "2023.11.18"]
[Round "6.12"]
[White "Groeschel, Karoline"]
[Black "Hakobyan, Astghik"]
[Result "0-1"]
[ECO "B12"]
[WhiteElo "1924"]
[BlackElo "2073"]
[Annotator "NA"]
[PlyCount "98"]
[EventDate "2023.11.13"]
[EventType "swiss"]
[EventCountry "ITA"]
[SourceTitle "playchess.com"]
[Source "ChessBase"]
[SourceQuality "1"]
[TimeControl "40/5400+30:1800+30"]

1. e4 c6 2. d4 d5 3. e5 Bf5 4. h4 h6 5. g4 Bd7 6. Be3 h5 7. g5 e6 8. Nd2 Ne7 9. Bd3 g6 10. Ne2 Qc7 11. c3 b6 12. b4 a5 13. a3 Bc8 14. a4 Nd7 15. b5 c5 16. Nf3 Bg7 17. O-O Bb7 18. Bc1 Rc8 19. Ba3 O-O 20. Rc1 Rfe8 21. Re1 Nf8 22. Ng3 Nf5 23. Bxf5 exf5 24. Qd2 Ne6 25. Ne2 Qd7 26. Nf4 cxd4 27. cxd4 Rc4 28. Nxe6 fxe6 29. Qd1 Rec8 30. Bb2 Bf8 31. Nd2 Rxc1 32. Bxc1 Qc7 33. Nf3 Bb4 34. Rf1 Qc4 35. Be3 Qa2 36. Qa1 Qb3 37. Rb1 Qd3 38. Rc1 Rc4 39. Qb1 Qa3 40. Qa1 Qb3 41. Kg2 Bc3 42. Nd2 Bxd2 43. Bxd2 Qd3 44. Be3 Qe4+ 45. Kf1 f4 46. Qa3 fxe3 47. Rxc4 dxc4 48. Qe7 Qg2+ 49. Ke2 Qxf2+ 0-1

[Event "FIDE WYCC Girls U18 2023"]
[Site "Montesilvano"]
[Date "2023.11.18"]
[Round "6.13"]
[White "Voriskova, Anna"]
[Black "Wisniowski, Natalie"]
[Result "1-0"]
[ECO "B15"]
[WhiteElo "2065"]
[BlackElo "1901"]
[Annotator "NA"]
[PlyCount "139"]
[EventDate "2023.11.13"]
[EventType "swiss"]
[EventCountry "ITA"]
[SourceTitle "playchess.com"]
[Source "ChessBase"]
[SourceQuality "1"]
[TimeControl "40/5400+30:1800+30"]

1. e4 c6 2. d4 d5 3. Nc3 dxe4 4. Nxe4 Nf6 5. Nxf6+ exf6 6. c3 Bd6 7. Bd3 O-O 8. Qc2 Re8+ 9. Ne2 h5 10. Be3 Nd7 11. O-O-O Nf8 12. Kb1 Be6 13. Bf4 Bxf4 14. Nxf4 Qd6 15. Nxe6 Nxe6 16. g4 h4 17. f3 Qf4 18. Qf2 Qg5 19. Be4 Nf4 20. Qc2 a5 21. Qb3 Re7 22. c4 Rd8 23. d5 cxd5 24. cxd5 Red7 25. d6 Rxd6 26. Rxd6 Rxd6 27. Qxb7 Ne6 28. Rc1 Qd2 29. Qe7 Rd8 30. a3 Rb8 31. Rc2 Qd4 32. Ka2 Qe5 33. Rd2 Qb5 34. Bd5 Re8 35. Qb7 Qxb7 36. Bxb7 Nc5 37. Bd5 Kf8 38. Rc2 Ne6 39. Rc6 Rd8 40. Bxe6 fxe6 41. Rxe6 Rd2 42. Ra6 Rxh2 43. Rxa5 g6 44. Rd5 Rf2 45. a4 h3 46. a5 h2 47. Rd8+ Kg7 48. Rd1 Rxf3 49. Rh1 Rh3 50. a6 Kf7 51. a7 Rh8 52. Rxh2 Ra8 53. Rh7+ Ke6 54. Kb3 f5 55. gxf5+ gxf5 56. Kc4 f4 57. Kb5 f3 58. Kb6 f2 59. Rh1 Rd8 60. b4 Rd6+ 61. Ka5 Rd2 62. Rf1 Ra2+ 63. Kb6 Kd7 64. Kb7 Rb2 65. Rd1+ Ke7 66. a8=Q Rxb4+ 67. Kc6 Rc4+ 68. Kd5 Rc7 69. Qa3+ Kf7 70. Qf3+ 1-0

[Event "FIDE WYCC Girls U18 2023"]
[Site "Montesilvano"]
[Date "2023.11.18"]
[Round "6.14"]
[White "Nguyen, Thien Ngan"]
[Black "Sevcikova, Lucia"]
[Result "*"]
[ECO "C00"]
[WhiteElo "1891"]
[BlackElo "2047"]
[Annotator "NA"]
[PlyCount "63"]
[EventDate "2023.11.13"]
[EventType "swiss"]
[EventCountry "ITA"]
[SourceTitle "playchess.com"]
[Source "ChessBase"]
[SourceQuality "1"]
[TimeControl "40/5400+30:1800+30"]

1. e4 e6 2. d4 d5 3. e5 c5 4. c3 Qb6 5. Nf3 Bd7 6. Bd3 Bb5 7. dxc5 Bxc5 8. b4 Be7 9. Be3 Qa6 10. Bc2 Nd7 11. a4 Bc4 12. Na3 Rc8 13. Bd4 f6 14. Nxc4 Qxc4 15. Bd3 Qc7 16. exf6 Ngxf6 17. Qe2 Qd6 18. O-O Nh5 19. g3 O-O 20. Ne5 g6 21. Nxd7 Qxd7 22. Bb5 Qd6 23. Bc5 Rxc5 24. bxc5 Qxc5 25. Qxe6+ Kg7 26. Rad1 Nf6 27. Be2 Rf7 28. Bf3 Qxc3 29. Bxd5 Nxd5 30. Rxd5 Qc4 31. a5 Bf6 32. Rfd1 *

[Event "FIDE WYCC Girls U18 2023"]
[Site "Montesilvano"]
[Date "2023.11.18"]
[Round "6.15"]
[White "Sovetbekova, Nurai"]
[Black "Dakic, Marta"]
[Result "1/2-1/2"]
[ECO "E37"]
[WhiteElo "1801"]
[BlackElo "2013"]
[Annotator "NA"]
[PlyCount "207"]
[EventDate "2023.11.13"]
[EventType "swiss"]
[EventCountry "ITA"]
[SourceTitle "playchess.com"]
[Source "ChessBase"]
[SourceQuality "1"]
[TimeControl "40/5400+30:1800+30"]

1. d4 Nf6 2. c4 e6 3. Nc3 Bb4 4. Qc2 d5 5. a3 Bxc3+ 6. Qxc3 Ne4 7. Qc2 c5 8. dxc5 Nc6 9. Nf3 Qa5+ 10. Bd2 Qxc5 11. e3 Nxd2 12. Nxd2 d4 13. b4 Qe5 14. Nf3 Qf6 15. exd4 Nxd4 16. Nxd4 Qxd4 17. Rd1 Qe5+ 18. Be2 Bd7 19. O-O Bc6 20. Bd3 Qf4 21. Rfe1 Rc8 22. Be4 g6 23. Bxc6+ Rxc6 24. Re4 Qc7 25. Red4 O-O 26. Qe4 e5 27. Rd7 Rxc4 28. Qxb7 Qxb7 29. Rxb7 a5 30. g3 axb4 31. axb4 h5 32. h4 e4 33. b5 Rb4 34. b6 Re8 35. Rdd7 Re6 36. Rxf7 Rbxb6 37. Rg7+ Kf8 38. Rbf7+ Ke8 39. Ra7 Kf8 40. Rh7 Kg8 41. Rhd7 Re8 42. Kf1 Rbe6 43. Kg2 Rf6 44. Rg7+ Kf8 45. Rh7 Kg8 46. Rhe7 Re6 47. Rxe8+ Rxe8 48. Ra3 Kf7 49. Kf1 Rb8 50. Ra4 Re8 51. Ke2 Kf6 52. Ke3 Kf5 53. Rc4 Re7 54. Rc8 Re6 55. Rf8+ Ke5 56. Ra8 Kf5 57. Rd8 Rf6 58. Rd4 Re6 59. Rd5+ Kf6 60. Kf4 Kg7 61. Rd7+ Kf8 62. Rd2 Kf7 63. Re2 Rf6+ 64. Ke3 Re6 65. Kd4 Rd6+ 66. Kc5 Rf6 67. Kd5 Rf5+ 68. Kxe4 Kf6 69. Ra2 Re5+ 70. Kf3 Rf5+ 71. Kg2 Rb5 72. Ra3 Rb2 73. Rf3+ Kg7 74. Rf4 Ra2 75. Kh3 Rb2 76. g4 Rb3+ 77. Kg2 hxg4 78. Rxg4 Kf6 79. f3 Rb2+ 80. Kg3 Rb3 81. Rf4+ Kg7 82. Ra4 Rb1 83. Rg4 Kf6 84. Rc4 Rg1+ 85. Kf4 Rh1 86. Ke3 Re1+ 87. Kf2 Ra1 88. Rf4+ Kg7 89. Rb4 Kf6 90. Ke3 Re1+ 91. Kf4 Rh1 92. Kg3 Rg1+ 93. Kf2 Ra1 94. Rg4 Ra2+ 95. Kg3 Ra3 96. Rd4 Ra1 97. Rd6+ Kf5 98. Rd5+ Kf6 99. Rd2 Rg1+ 100. Rg2 Ra1 101. Kg4 Ra4+ 102. f4 Ra1 103. Rg3 Rf1 104. Rg2 1/2-1/2

[Event "FIDE WYCC Girls U18 2023"]
[Site "Montesilvano"]
[Date "2023.11.18"]
[Round "6.16"]
[White "Sasvatha A"]
[Black "Sosovickova, Jana"]
[Result "1/2-1/2"]
[ECO "D35"]
[WhiteElo "1568"]
[BlackElo "2013"]
[Annotator "NA"]
[PlyCount "166"]
[EventDate "2023.11.13"]
[EventType "swiss"]
[EventCountry "ITA"]
[SourceTitle "playchess.com"]
[Source "ChessBase"]
[SourceQuality "1"]
[TimeControl "40/5400+30:1800+30"]

1. d4 Nf6 2. c4 d5 3. Nc3 e6 4. cxd5 exd5 5. Bg5 Be7 6. e3 c6 7. Bd3 Nbd7 8. Nge2 O-O 9. f3 Nh5 10. Bxe7 Qxe7 11. Qd2 Re8 12. e4 dxe4 13. fxe4 Nf8 14. O-O-O a5 15. h3 Nf6 16. Rdf1 Be6 17. Nf4 Red8 18. d5 Bd7 19. Re1 Be8 20. Rhf1 N6d7 21. Nh5 Ne5 22. Ng3 Bd7 23. Kb1 a4 24. Nce2 c5 25. Bc2 Ra6 26. Qc3 b5 27. Nf5 Bxf5 28. Rxf5 f6 29. Ref1 b4 30. Qg3 Rda8 31. Bd1 Nc4 32. Qd3 Qxe4 33. Qxe4 Nd2+ 34. Kc1 Nxe4 35. R5f4 Nd6 36. Rg4 Nf7 37. Nf4 Ne5 38. Rg3 Rd6 39. Bg4 Nxg4 40. Rxg4 Re8 41. Kc2 Re5 42. a3 Re4 43. axb4 Rxb4 44. Rf2 Rdb6 45. Kc1 Rc4+ 46. Rc2 Rbb4 47. Nd3 Rxg4 48. hxg4 Rd4 49. Nxc5 Rxd5 50. Rc4 Ng6 51. Nxa4 Ne5 52. Re4 Kf7 53. Kc2 Kg6 54. Nc3 Rc5 55. b4 Rc8 56. b5 Kg5 57. Kb3 Nxg4 58. Re7 Kg6 59. b6 Ne5 60. Rc7 Rb8 61. b7 Nc6 62. Rxc6 Rxb7+ 63. Kc2 Rd7 64. Rc5 Rd4 65. Rd5 Rxd5 66. Nxd5 Kg5 67. Kd2 Kg4 68. Ke2 Kg3 69. Kf1 f5 70. Ne7 g6 71. Ng8 g5 72. Nh6 f4 73. Kg1 f3 74. gxf3 Kxf3 75. Nf7 Kf4 76. Nxg5 Kxg5 77. Kh2 Kg4 78. Kg2 h5 79. Kh2 h4 80. Kg2 h3+ 81. Kh2 Kh4 82. Kg1 Kg3 83. Kh1 h2 1/2-1/2

[Event "FIDE WYCC Girls U18 2023"]
[Site "Montesilvano"]
[Date "2023.11.18"]
[Round "6.17"]
[White "Latifah, Darmaki"]
[Black "Matute Escobar, Roxanny"]
[Result "*"]
[WhiteElo "1367"]
[BlackElo "1995"]
[Annotator "NA"]
[PlyCount "78"]
[EventDate "2023.11.13"]
[EventType "swiss"]
[EventCountry "ITA"]
[SourceTitle "playchess.com"]
[Source "ChessBase"]
[SourceQuality "1"]
[TimeControl "40/5400+30:1800+30"]

1. e4 c5 2. Nc3 Nc6 3. f4 g6 4. Bc4 Bg7 5. Nf3 e6 6. O-O Nge7 7. Qe1 O-O 8. d3 d5 9. Bb3 b6 10. f5 c4 11. Qh4 exf5 12. exd5 cxb3 13. dxc6 Nxc6 14. Qxd8 Rxd8 15. axb3 Nb4 16. Rf2 Bb7 17. Be3 Bxf3 18. gxf3 f4 19. Bxf4 Bd4 20. Rc1 Rac8 21. Kf1 Bxf2 22. Kxf2 f6 23. Be3 Kf7 24. d4 g5 25. Ke2 Kg6 26. Kd2 f5 27. Ne2 f4 28. Bf2 Re8 29. c4 h5 30. Rg1 Kf5 31. d5 Rg8 32. Nd4+ Kf6 33. Ne6 b5 34. Bd4+ Ke7 35. Bc5+ Rxc5 36. Nxc5 bxc4 37. bxc4 Rc8 38. Re1+ Kf7 39. Kc3 a5 *

[Event "FIDE WYCC Girls U18 2023"]
[Site "Montesilvano"]
[Date "2023.11.18"]
[Round "6.18"]
[White "Sipos, Stefania"]
[Black "Gasimova, Samra"]
[Result "*"]
[ECO "C00"]
[WhiteElo "1932"]
[BlackElo "1860"]
[Annotator "NA"]
[PlyCount "46"]
[EventDate "2023.11.13"]
[EventType "swiss"]
[EventCountry "ITA"]
[SourceTitle "playchess.com"]
[Source "ChessBase"]
[SourceQuality "1"]
[TimeControl "40/5400+30:1800+30"]

1. e4 e6 2. d4 d5 3. Nc3 Be7 4. e5 c5 5. Qg4 g5 6. h4 h5 7. Qg3 g4 8. dxc5 Bxc5 9. Bd3 Nc6 10. Nge2 Bd7 11. O-O Be7 12. Nb5 Bxh4 13. Nd6+ Kf8 14. Qf4 f6 15. Nxb7 Qb6 16. Qh2 Nxe5 17. Qxh4 Qxb7 18. Nf4 Ke7 19. Re1 Kd6 20. b3 Qb4 21. c3 Qa5 22. Bb2 Nxd3 23. Nxd3 e5 *

[Event "FIDE WYCC Girls U18 2023"]
[Site "Montesilvano"]
[Date "2023.11.18"]
[Round "6.19"]
[White "Striskova, Lucia"]
[Black "Belattar, Ines"]
[Result "1-0"]
[ECO "B01"]
[WhiteElo "2039"]
[BlackElo "1623"]
[Annotator "NA"]
[PlyCount "63"]
[EventDate "2023.11.13"]
[EventType "swiss"]
[EventCountry "ITA"]
[SourceTitle "playchess.com"]
[Source "ChessBase"]
[SourceQuality "1"]
[TimeControl "40/5400+30:1800+30"]

1. e4 d5 2. exd5 Nf6 3. d4 Nxd5 4. c4 Nb6 5. Nf3 g6 6. Nc3 Bg7 7. c5 Nd5 8. Bc4 c6 9. Qb3 O-O 10. O-O Nxc3 11. bxc3 Bg4 12. Ng5 e6 13. f3 Bf5 14. g4 Bd3 15. Bxd3 Bxd4+ 16. cxd4 Qxd4+ 17. Kg2 Rd8 18. Be2 Na6 19. Be3 Nxc5 20. Bxd4 Nxb3 21. axb3 Rxd4 22. Rfd1 Rd5 23. Ne4 Kg7 24. Bc4 Rxd1 25. Rxd1 b5 26. Be2 a5 27. Rc1 Ra6 28. Nc5 Ra7 29. Ra1 Kf6 30. Kf2 Ke5 31. Ke3 Kd5 32. Ne4 1-0

[Event "FIDE WYCC Girls U18 2023"]
[Site "Montesilvano"]
[Date "2023.11.18"]
[Round "6.20"]
[White "Hyatt, Jessica"]
[Black "Obada, Ema"]
[Result "0-1"]
[ECO "A61"]
[WhiteElo "1818"]
[BlackElo "2023"]
[Annotator "NA"]
[PlyCount "124"]
[EventDate "2023.11.13"]
[EventType "swiss"]
[EventCountry "ITA"]
[SourceTitle "playchess.com"]
[Source "ChessBase"]
[SourceQuality "1"]
[TimeControl "40/5400+30:1800+30"]

1. d4 Nf6 2. c4 e6 3. Nf3 c5 4. d5 d6 5. Nc3 exd5 6. cxd5 g6 7. e4 a6 8. a4 Bg4 9. h3 Bxf3 10. Qxf3 Bg7 11. Bd3 O-O 12. O-O Nbd7 13. Qg3 Nh5 14. Qh2 Be5 15. f4 Bd4+ 16. Kh1 Ng7 17. Ne2 f5 18. Nxd4 cxd4 19. e5 Nb6 20. exd6 Qxd6 21. b3 Nxd5 22. Bc4 Rfe8 23. Qg1 Ne6 24. Ba3 Qd7 25. a5 Ne3 26. Rf3 Nxc4 27. bxc4 Rac8 28. g4 Ng7 29. c5 Re2 30. Rd1 Qd5 31. Rdd3 Ne6 32. gxf5 Qxf5 33. Qg4 Rf8 34. c6 Qb5 35. Rd1 Rf5 36. Kg1 bxc6 37. Rfd3 Re4 38. Bd6 Qd5 39. Rg3 Nxf4 40. Bxf4 Rexf4 41. Qe2 c5 42. Qxa6 Qa2 43. Rg2 Qd5 44. Qb6 Rf6 45. Qb5 Qh5 46. Qb3+ Kg7 47. Re1 Rf7 48. Qe6 R4f5 49. Kh2 Qh4 50. a6 Qf4+ 51. Kh1 d3 52. Qb3 c4 53. Qc3+ R5f6 54. Reg1 Qe4 55. Rf1 Qe6 56. Kh2 Qxa6 57. Rg4 Kf8 58. Rxf6 Rxf6 59. Rxc4 Qa2+ 60. Kg3 Qf2+ 61. Kg4 Qf3+ 62. Kg5 Rf5+ 0-1

[Event "FIDE WYCC Girls U18 2023"]
[Site "Montesilvano"]
[Date "2023.11.18"]
[Round "6.21"]
[White "Keerti Shree Reddy"]
[Black "Skarbarchuk, Tetyana"]
[Result "*"]
[WhiteElo "1741"]
[BlackElo "2010"]
[Annotator "NA"]
[PlyCount "47"]
[EventDate "2023.11.13"]
[EventType "swiss"]
[EventCountry "ITA"]
[SourceTitle "playchess.com"]
[Source "ChessBase"]
[SourceQuality "1"]
[TimeControl "40/5400+30:1800+30"]

1. e4 e6 2. b3 d5 3. Bb2 Nc6 4. exd5 exd5 5. Bb5 Nf6 6. h3 Bd6 7. Qf3 O-O 8. Bxc6 bxc6 9. Ne2 Re8 10. O-O c5 11. d3 Rb8 12. Nd2 Bb7 13. Ng3 d4 14. Nge4 Nxe4 15. dxe4 Qg5 16. Qd3 f5 17. Bc1 Qg6 18. f3 Qg3 19. f4 Qg6 20. Qc4+ Kh8 21. Nf3 fxe4 22. Ng5 Re7 23. f5 Qf6 24. b4 *

[Event "FIDE WYCC Girls U18 2023"]
[Site "Montesilvano"]
[Date "2023.11.18"]
[Round "6.22"]
[White "Tsapaki, Asimenia"]
[Black "Menon, Gauri"]
[Result "1/2-1/2"]
[ECO "C45"]
[WhiteElo "1702"]
[BlackElo "1821"]
[Annotator "NA"]
[PlyCount "92"]
[EventDate "2023.11.13"]
[EventType "swiss"]
[EventCountry "ITA"]
[SourceTitle "playchess.com"]
[Source "ChessBase"]
[SourceQuality "1"]
[TimeControl "40/5400+30:1800+30"]

1. e4 e5 2. Nf3 Nc6 3. d4 exd4 4. Nxd4 Nf6 5. Nxc6 bxc6 6. Nd2 Bc5 7. Nb3 Bb6 8. e5 Qe7 9. Qe2 Nd5 10. c4 Ba6 11. h4 h6 12. a3 O-O 13. Bd2 d6 14. f4 Qd7 15. O-O-O Ne7 16. Qf3 Bc8 17. Be2 a5 18. Bc3 a4 19. Nd2 d5 20. g4 Bb7 21. f5 d4 22. Ne4 c5 23. Bd2 Nc6 24. Bxh6 Nxe5 25. Nf6+ gxf6 26. Qxb7 Rfd8 27. Qe4 d3 28. Rh3 Qd4 29. Bxd3 Qxe4 30. Bxe4 Rxd1+ 31. Kxd1 Rd8+ 32. Ke2 Nxc4 33. Bd3 Nxb2 34. Bc1 Re8+ 35. Re3 Rxe3+ 36. Bxe3 c4 37. Bc2 c3 38. Bc1 Bc5 39. Bxb2 cxb2 40. Kd3 Bxa3 41. Kc3 c5 42. Bd3 Kg7 43. Kc2 Bb4 44. Kxb2 a3+ 45. Kb3 c4+ 46. Bxc4 Bd6 1/2-1/2

[Event "FIDE WYCC Girls U18 2023"]
[Site "Montesilvano"]
[Date "2023.11.18"]
[Round "6.23"]
[White "Swara Lakshmi S Nair"]
[Black "Follana Albelda, Lucia"]
[Result "*"]
[ECO "B94"]
[WhiteElo "1659"]
[BlackElo "1946"]
[Annotator "NA"]
[PlyCount "69"]
[EventDate "2023.11.13"]
[EventType "swiss"]
[EventCountry "ITA"]
[SourceTitle "playchess.com"]
[Source "ChessBase"]
[SourceQuality "1"]
[TimeControl "40/5400+30:1800+30"]

1. e4 c5 2. Nf3 d6 3. d4 cxd4 4. Nxd4 Nf6 5. Nc3 a6 6. Bg5 Nbd7 7. f4 Qc7 8. Qf3 b5 9. O-O-O Bb7 10. Bd3 g6 11. Rhe1 Bg7 12. Nd5 Nxd5 13. exd5 Nf6 14. Nc6 Bxc6 15. dxc6 d5 16. Qe3 O-O 17. Qxe7 Qxc6 18. f5 Rfe8 19. Qb4 Ne4 20. Bxe4 dxe4 21. Rd6 Qc7 22. Qd2 Qc4 23. Kb1 a5 24. f6 Bf8 25. Rd4 Qc6 26. Qf4 e3 27. Rxe3 Qxg2 28. Rd1 Rac8 29. c3 b4 30. Rxe8 Rxe8 31. Qg3 Qe4+ 32. Qd3 Qe5 33. h4 h6 34. Bd2 Qxf6 35. cxb4 *

[Event "FIDE WYCC Girls U18 2023"]
[Site "Montesilvano"]
[Date "2023.11.18"]
[Round "6.24"]
[White "Zubova, Darja"]
[Black "Katter, Katharina"]
[Result "*"]
[ECO "C47"]
[WhiteElo "1582"]
[BlackElo "1887"]
[Annotator "NA"]
[PlyCount "89"]
[EventDate "2023.11.13"]
[EventType "swiss"]
[EventCountry "ITA"]
[SourceTitle "playchess.com"]
[Source "ChessBase"]
[SourceQuality "1"]
[TimeControl "40/5400+30:1800+30"]

1. e4 e5 2. Nf3 Nc6 3. Nc3 Nf6 4. d4 exd4 5. Nxd4 Bb4 6. Nxc6 bxc6 7. Bd3 O-O 8. O-O Re8 9. Qf3 Rb8 10. h3 Bd6 11. Ne2 Be5 12. c3 d5 13. exd5 cxd5 14. b3 Bb7 15. Bf4 d4 16. Qg3 Nh5 17. Qg4 Nxf4 18. Nxf4 dxc3 19. Rad1 Qf6 20. Nh5 Qc6 21. f3 g6 22. Ng3 Qb6+ 23. Kh1 Ba6 24. Nf5 Bxd3 25. Rxd3 Qb5 26. Nh6+ Kg7 27. Nf5+ Kh8 28. Rdd1 c2 29. Rc1 gxf5 30. Qxf5 Bb2 31. Qxb5 Rxb5 32. Rxc2 Be5 33. Rd1 Bd6 34. Kg1 Bg3 35. f4 Bxf4 36. Rf1 Bg3 37. Rxf7 Re1+ 38. Rf1 Rbe5 39. Rc1 Rxc1 40. Rxc1 Re1+ 41. Rxe1 Bxe1 42. Kf1 Bb4 43. Ke2 Kg7 44. Kf3 Kf6 45. Ke4 *

[Event "FIDE WYCC Girls U18 2023"]
[Site "Montesilvano"]
[Date "2023.11.18"]
[Round "6.25"]
[White "Lindstad, Livia"]
[Black "Nielsen-Refs, Ingrid Elmer"]
[Result "1-0"]
[ECO "B33"]
[WhiteElo "1848"]
[BlackElo "1676"]
[Annotator "NA"]
[PlyCount "113"]
[EventDate "2023.11.13"]
[EventType "swiss"]
[EventCountry "ITA"]
[SourceTitle "playchess.com"]
[Source "ChessBase"]
[SourceQuality "1"]
[TimeControl "40/5400+30:1800+30"]

1. e4 c5 2. Nf3 Nc6 3. d4 cxd4 4. Nxd4 Nf6 5. Nc3 e5 6. Ndb5 d6 7. Bg5 a6 8. Na3 b5 9. Nd5 Be7 10. Nxe7 Nxe7 11. Qf3 Nd7 12. O-O-O Nc5 13. Be3 Qc7 14. Bxb5+ Nc6 15. Bxc5 dxc5 16. Bxc6+ Qxc6 17. Nc4 f6 18. Qh5+ Ke7 19. Nd6 Be6 20. Nf5+ Bxf5 21. Qxf5 Rab8 22. Rd3 c4 23. Rg3 g6 24. Qf3 Rb7 25. Rd1 Rhb8 26. Qa3+ Ke6 27. b3 Rb6 28. Re3 Rc8 29. b4 Qb5 30. c3 Ra8 31. Rd5 Qc6 32. Rc5 Qd6 33. Qa5 Rd8 34. Rd5 Qc7 35. Rxd8 Qxd8 36. Qc5 Rd6 37. Qxc4+ Ke7 38. Qe2 Qc7 39. Rh3 Kf8 40. Qe3 Kg8 41. Qe2 Qc6 42. Rd3 Qc4 43. Re3 Qc6 44. Qc2 Kg7 45. Rd3 Re6 46. f3 Re7 47. Kb2 Qc4 48. Qd2 Qb5 49. Rd6 Ra7 50. Qe3 Ra8 51. Qd3 Qa4 52. Rd7+ Kh6 53. Qd2+ g5 54. Qd6 Kg6 55. Qe7 Rh8 56. Qg7+ Kh5 57. g4+ 1-0

[Event "FIDE WYCC Girls U18 2023"]
[Site "Montesilvano"]
[Date "2023.11.18"]
[Round "6.26"]
[White "Hoanca, Alexia-Ioana"]
[Black "Sukyte, Kotryna"]
[Result "*"]
[ECO "B28"]
[WhiteElo "1830"]
[BlackElo "1651"]
[Annotator "NA"]
[PlyCount "53"]
[EventDate "2023.11.13"]
[EventType "swiss"]
[EventCountry "ITA"]
[SourceTitle "playchess.com"]
[Source "ChessBase"]
[SourceQuality "1"]
[TimeControl "40/5400+30:1800+30"]

1. e4 c5 2. Nf3 a6 3. c3 d5 4. exd5 Qxd5 5. d4 e6 6. Be3 cxd4 7. cxd4 Nf6 8. Nc3 Qd6 9. Be2 Be7 10. O-O O-O 11. Ne5 Rd8 12. Bf3 Nbd7 13. Nc4 Qc7 14. Qe2 Rb8 15. a4 Nb6 16. Nxb6 Qxb6 17. a5 Qb3 18. Bf4 Ra8 19. Na4 Bd7 20. Nb6 Bb5 21. Qe3 Qxe3 22. fxe3 Bxf1 23. Nxa8 Bc4 24. Nb6 Bd5 25. Rc1 Bb4 26. Nxd5 Nxd5 27. Bxd5 *

[Event "FIDE WYCC Girls U18 2023"]
[Site "Montesilvano"]
[Date "2023.11.18"]
[Round "6.27"]
[White "Chavez Echeverria, Ana Karen"]
[Black "Alexandrova, Angelina"]
[Result "0-1"]
[ECO "D00"]
[WhiteElo "1230"]
[BlackElo "1814"]
[Annotator "NA"]
[PlyCount "94"]
[EventDate "2023.11.13"]
[EventType "swiss"]
[EventCountry "ITA"]
[SourceTitle "playchess.com"]
[Source "ChessBase"]
[SourceQuality "1"]
[TimeControl "40/5400+30:1800+30"]

1. d4 d5 2. Bf4 c5 3. e3 Nf6 4. Nf3 Nc6 5. Be2 Qb6 6. Nc3 a6 7. b3 cxd4 8. exd4 Qa5 9. Qd2 e5 10. Nxd5 Nxd5 11. Qxa5 Nxa5 12. Bd2 Bb4 13. dxe5 Bc3 14. Rd1 Bf5 15. Bd3 Bxd2+ 16. Rxd2 Bxd3 17. cxd3 O-O 18. O-O Rad8 19. Rc1 Nc6 20. Rc4 h6 21. g3 Rd7 22. d4 Rfd8 23. Rc1 Nde7 24. Rcd1 Rd5 25. g4 Ng6 26. Kf1 Nf4 27. Ke1 Ne6 28. h3 Nexd4 29. Nxd4 Rxd4 30. f3 Rxd2 31. Rxd2 Rxd2 32. Kxd2 Nxe5 33. Ke3 Kf8 34. Ke4 Nc6 35. a3 Ke7 36. h4 Kd6 37. Kd3 Kd5 38. f4 Na5 39. b4 Nc4 40. h5 f6 41. a4 Nb2+ 42. Kc2 Nxa4 43. Kb3 b5 44. Kc2 Ke4 45. f5 Kf4 46. Kd2 Kxg4 47. Ke3 Kxh5 0-1

[Event "FIDE WYCC Girls U18 2023"]
[Site "Montesilvano"]
[Date "2023.11.18"]
[Round "6.28"]
[White "Galli, Maria Vittoria"]
[Black "Hernandez Ortega, Carolina"]
[Result "*"]
[WhiteElo "1452"]
[BlackElo "1796"]
[Annotator "NA"]
[PlyCount "98"]
[EventDate "2023.11.13"]
[EventType "swiss"]
[EventCountry "ITA"]
[SourceTitle "playchess.com"]
[Source "ChessBase"]
[SourceQuality "1"]
[TimeControl "40/5400+30:1800+30"]

1. e4 e5 2. Nf3 Nc6 3. Bb5 a6 4. Ba4 Nf6 5. O-O Be7 6. Re1 b5 7. Bb3 d6 8. h3 O-O 9. c3 Nb8 10. d4 Nbd7 11. Bc2 Bb7 12. b4 Re8 13. Nbd2 Bf8 14. Bb2 g6 15. a4 Bg7 16. axb5 axb5 17. dxe5 Nxe5 18. Nxe5 dxe5 19. Qe2 Qd6 20. Nb3 Rxa1 21. Rxa1 Qb6 22. Nc5 Bc8 23. Bb3 Nd7 24. Qf3 Qf6 25. Qxf6 Bxf6 26. Nxd7 Bxd7 27. Ra7 Bd8 28. Bc1 Kg7 29. Bd1 Bc6 30. f3 Re7 31. Be2 Rd7 32. Kf2 Kf6 33. Ra5 Bb7 34. Rxb5 c6 35. Rc5 Bb6 36. Be3 Bxc5 37. Bxc5 Rd2 38. Ke3 Ra2 39. g4 Ba6 40. c4 Rc2 41. g5+ Ke6 42. Bd3 Rh2 43. b5 Bb7 44. h4 Rxh4 45. b6 Rh5 46. Bb4 Rxg5 47. c5 f6 48. Bc4+ Ke7 49. Kf2 f5 *